 Dungeon Crawl Stone Soup version 0.24.0-29-g8ce449bc06 (webtiles) character file.

Game seed: 2869001921739331300, levelgen mode: deterministic

18521 Delamore the Severer (level 12, -7/169 HPs)
             Began as a Hill Orc Fighter on Nov 16, 2019.
             Was the Champion of Okawaru.
             Mangled by an ice devil (23 damage)
             ... in an ice cave.
             The game lasted 00:20:27 (10920 turns).

Delamore the Severer (Hill Orc Fighter)            Turns: 10920, Time: 00:20:28

Health: -7/169     AC: 26    Str: 26    XL:     12   Next: 59%
Magic:  12/12      EV:  2    Int:  8    God:    Okawaru [******]
Gold:   830        SH:  0    Dex: 12    Spells: 11/11 levels left

rFire    . . .     SeeInvis .   M - +2 battleaxe
rCold    . . .     Gourm    .   (shield currently unavailable)
rNeg     + + +     Faith    .   (armour currently unavailable)
rPois    +         Spirit   .   (helmet currently unavailable)
rElec    .         Reflect  .   (cloak currently unavailable)
rCorr    .         Harm     .   (gloves currently unavailable)
MR       .....     NoTele   +   (boots currently unavailable)
Stlth    +.........             B - amulet of regeneration
HPRegen  0.78/turn              g - +2 ring of dexterity
MPRegen  0.13/turn              G - +2 ring of strength

@: tree-form
A: no striking features
a: Heroism, Finesse, Renounce Religion


You were in an ice cave.
You worshipped Okawaru.
Okawaru was exalted by your worship.
You were very hungry.
You were a tree.
You visited 1 branch of the dungeon, and saw 12 of its levels.
You also visited: Ice Cave.

You collected 830 gold pieces.

Inventory:

Hand Weapons
 M - a +2 battleaxe (weapon)
 O - the +5 long sword of Yxecups {freeze, Dex+7}
   (You found it on level 9 of the Dungeon)

   It has been specially enchanted to freeze those struck by it, causing extra
   injury to most foes and up to half again as much damage against particularly
   susceptible opponents.
   It can also slow down cold-blooded creatures.
   It affects your dexterity (+7).
 U - the +7 dagger "Ewucvam" {protect, rElec Stlth+}
   (Okawaru gifted it to you on level 11 of the Dungeon)

   It grants its wielder temporary protection when it strikes (+7 to AC).
   It insulates you from electricity.
   It makes you more stealthy.
Missiles
 e - 4 datura-tipped darts
 t - 2 silver javelins (quivered)
Armour
 u - a scarf of spirit shield
 H - a +1 pair of boots (melded)
 I - the +1 plate armour of Nurafam (melded) {rPois rCorr}
   (You found it on level 6 of the Dungeon)

   It protects you from poison.
   It provides partial protection from all sources of acid and corrosion.
 K - a +2 helmet (melded)
 N - a +3 chain mail of fire resistance
 P - the +2 buckler "Alahanyree" {rF- rN++ Dex+5}
   (You found it on level 10 of the Dungeon)

   It affects your dexterity (+5).
   It makes you vulnerable to fire.
   It greatly protects you from negative energy.
 T - a +1 cloak (melded)
Jewellery
 g - a +2 ring of dexterity (left branch)
 l - an uncursed ring of flight
 v - an uncursed amulet of the gourmand
 y - an uncursed ring of ice
 B - an amulet of regeneration (around neck)
 G - a +2 ring of strength (right branch)
Wands
 c - a wand of acid (10)
 F - a wand of random effects (15)
 L - a wand of disintegration (8)
 R - a wand of iceblast (7)
Scrolls
 a - 2 scrolls of immolation {unknown}
 k - a scroll of blinking
 m - 2 scrolls of noise {unknown}
 n - 5 scrolls of fog
 q - 5 scrolls of identify
 r - 2 scrolls of enchant armour
 s - 3 scrolls of fear
 z - 6 scrolls of amnesia
 A - 3 scrolls of remove curse
 J - 3 scrolls of teleportation {unknown}
 V - a scroll of brand weapon {unknown}
Potions
 b - a potion of mutation {unknown}
 d - 2 potions of might
 h - 6 potions of heal wounds {unknown}
 i - a potion of flight {unknown}
 j - 3 potions of invisibility {unknown}
 o - 2 potions of ambrosia {unknown}
 w - 5 potions of lignification
 x - a potion of curing
 C - 4 potions of brilliance {unknown}
 D - 3 potions of degeneration {unknown}
 E - 2 potions of magic {unknown}
 S - a potion of cancellation {unknown}
Comestibles
 f - 23 rations


   Skills:
 * Level 12.8 Fighting
 + Level 17.1 Axes
 * Level 11.8 Armour
 - Level 3.2 Shields


You had 11 spell levels left.
You didn't know any spells.
Your spell library contained the following spells:

 Spells                   Type           Power        Failure   Level  Hunger
 Magic Dart               Conj           #...         41%         1    ##.....
 Searing Ray              Conj           #.....       54%         2    ###....
 Dazzling Spray           Conj/Hex       #.....       78%         3    ####...
 Cause Fear               Hex            #.........   99%         4    #####..
 Force Lance              Conj/Tloc      #.......     99%         4    #####..
 Fulminant Prism          Conj/Hex       #.........   99%         4    #####..
 Iskenderun's Mystic Bla  Conj           #.......     99%         4    #####..
 Silence                  Hex/Air        #.........   100%        5    ######.
 Yara's Violent Unravell  Hex/Tmut       #.........   100%        5    ######.
 Deflect Missiles         Chrm/Air       #.........   100%        6    #######
 Discord                  Hex            #.........   100%        8    #######


Dungeon Overview and Level Annotations

Branches:
Dungeon (13/15)            Temple (0/1) D:7            Lair (0/6) D:11
    Orc (0/2) D:11          IceCv (1/1)
 Vaults: D:13-14

Altars:
Cheibriados
Elyvilon
Fedhas
Gozag
Hepliaklqana
Kikubaaqudgha
Okawaru
Ru
Uskayaw
Vehumet
Yredelemnul
Zin
Beogh

Shops:
D:11 *

Annotations:
D:7 exclusion: oklob plant
D:11 3 runed translucent doors
D:13 Sonja IceCv exclusion: ice statue


Message History

Your +1 cloak melds into your body.
Your +2 helmet melds into your body.
Your +1 pair of boots melds into your body.
The +1 plate armour of Nurafam {rPois rCorr} melds into your body.
Your roots penetrate the ground.
The ice devil completely misses you.
The ice beast hits you but does no damage.
You hit the ice devil but do no damage.
The ice devil is moderately wounded.
You slash the ice beast!
The ice devil hits you but does no damage.
The ice beast barely misses you.
You slash the ice devil!
The ice devil is heavily wounded.
You slash the ice beast!
You kill the ice beast!
You slash the ice devil!
The ice devil is severely wounded.
The ice devil hits you!
* * * LOW HITPOINT WARNING * * *
The ice devil freezes you!!
You die...

#...∩...#
##.....##
##...## #...##
##...# ##...#
#...##
##...####
8#...°°#♣##
#.........4.#
.............#
.............#
..............#
..............#
......⌠.......#
..............#
............#


You could see an ice devil.

Vanquished Creatures
  Josephine (D:11)
  Harold (D:8)
  Erica (D:10)
  A death knight (D:10)
  2 two-headed ogres
  The ghost of sipior the Grave Robber, a novice TrNe of Qazlal (D:8)
  Pikel (D:6)
  An ice statue (IceCv)
  A gargoyle (D:11)
  4 ice devils (IceCv)
  2 trolls
  A queen bee (D:8)
  Prince Ribbit (D:5)
  2 hippogriffs
  A spriggan (D:7)
  16 yaks
  6 wraiths (D:11)
  A hungry ghost (D:8)
  Duvessa (D:6)
  Purgy (D:4)
  7 orc warriors
  A hornet zombie (D:6)
  2 porcupines (D:11)
  3 black bears
  11 ice beasts
  A phantom (D:4)
  6 sky beasts
  An eye of draining (D:11)
  3 centaurs
  6 ogres
  A big kobold (D:10)
  9 bullfrogs
  Dowan (D:6)
  A wyvern skeleton (D:8)
  6 scorpions
  8 killer bees
  8 wights
  3 electric eels (D:8)
  5 crimson imps
  2 quasits (D:10)
  2 bullfrog zombies
  9 jellies
  6 orc priests
  A bullfrog skeleton (D:6)
  A centaur skeleton (D:9)
  An iguana (D:8)
  6 orc wizards
  Natasha (twice) (D:2)
  4 worker ants
  2 hound skeletons
  A mummy (D:9)
  Robin (D:3)
  12 adders
  A gnoll (D:1)
  5 shadow imps
  A white imp (D:8)
  2 oozes
  An adder skeleton (D:5)
  4 worms
  7 dart slugs
  6 leopard geckos
  31 orcs
  A ball python (D:3)
  11 bats
  4 giant cockroaches
  18 goblins
  19 hobgoblins
  10 jackals
  4 quokkas
  9 frilled lizards
  A jackal zombie (D:5)
  11 kobolds
  2 leopard gecko skeletons
  A leopard gecko zombie (D:7)
  A quokka zombie (D:6)
  9 rats
  7 plants
345 creatures vanquished.

Vanquished Creatures (others)
  Maurice (D:11)
  A bullfrog skeleton (D:11)
  A quokka (D:9)
  22 fungi (D:11)
  21 plants
  12 toadstools (D:7)
58 creatures vanquished.

Grand Total: 403 creatures vanquished

Notes
Turn   | Place    | Note
-------+----------+-------------------------------------------
     0 | D:1      | Delamore the Hill Orc Fighter began the quest for the Orb.
     0 | D:1      | Reached XP level 1. HP: 19/19 MP: 1/1
    25 | D:1      | Reached skill level 3 in Axes
   147 | D:1      | Reached XP level 2. HP: 24/26 MP: 2/2
   205 | D:1      | Reached skill level 4 in Axes
   209 | D:1      | Reached XP level 3. HP: 25/31 MP: 3/3
   254 | D:1      | Reached skill level 5 in Axes
   871 | D:1      | Reached XP level 4. HP: 39/39 MP: 4/4
  1156 | D:2      | Noticed Natasha
  1345 | D:2      | Reached skill level 6 in Axes
  1625 | D:2      | Killed Natasha
  1689 | D:2      | Reached XP level 5. HP: 45/45 MP: 5/5
  1858 | D:2      | Found an opulent altar of Gozag.
  1860 | D:2      | Found a glowing silver altar of Zin.
  2217 | D:2      | Noticed Natasha
  2240 | D:2      | Killed Natasha
  2240 | D:2      | Reached skill level 7 in Axes
  2584 | D:3      | Noticed Robin
  2594 | D:3      | Killed Robin
  2626 | D:3      | Reached skill level 8 in Axes
  2641 | D:3      | Found a basalt altar of Yredelemnul.
  2645 | D:3      | Reached XP level 6. HP: 51/51 MP: 6/6
  2795 | D:3      | Found a hazy altar of Hepliaklqana.
  2933 | D:3      | Found an iron altar of Okawaru.
  2941 | D:3      | Became a worshipper of Warmaster Okawaru
  3226 | D:4      | Found an ancient bone altar of Kikubaaqudgha.
  3241 | D:4      | Noticed a phantom
  3323 | D:4      | Killed a phantom
  3403 | D:4      | Found a white marble altar of Elyvilon.
  3523 | D:4      | Reached skill level 9 in Axes
  3866 | D:4      | Noticed Purgy
  3879 | D:4      | Killed Purgy
  3879 | D:4      | Reached XP level 7. HP: 42/57 MP: 5/7
  3977 | D:5      | Entered Level 5 of the Dungeon
  4063 | D:5      | Reached * piety under Okawaru
  4063 | D:5      | Reached skill level 10 in Axes
  4148 | D:5      | Noticed Prince Ribbit
  4161 | D:5      | Killed Prince Ribbit
  4173 | D:5      | Reached skill level 11 in Axes
  4419 | D:5      | Reached XP level 8. HP: 57/64 MP: 5/8
  4589 | D:5      | Reached skill level 12 in Axes
  4990 | D:6      | Reached ** piety under Okawaru
  5324 | D:6      | Reached skill level 13 in Axes
  5333 | D:6      | Got a smoking plate armour
  5363 | D:6      | Identified the cursed +1 plate armour of Nurafam {rPois
                  | rCorr} (You found it on level 6 of the Dungeon)
  5470 | D:6      | Noticed Dowan
  5471 | D:6      | Noticed Pikel
  5471 | D:6      | Noticed Duvessa
  5492 | D:6      | Killed Pikel
  5492 | D:6      | Reached skill level 14 in Axes
  5492 | D:6      | Reached XP level 9. HP: 45/70 MP: 5/9
  5496 | D:6      | Killed Duvessa
  5499 | D:6      | Reached *** piety under Okawaru
  5508 | D:6      | Killed Dowan
  5930 | D:6      | Reached skill level 15 in Axes
  6217 | D:7      | Received a gift from Okawaru
  6217 | D:7      | Reached skill level 5 in Fighting
  6276 | D:7      | Found a hide-covered altar of Uskayaw.
  6290 | D:7      | Reached skill level 5 in Armour
  6454 | D:7      | Found a staircase to the Ecumenical Temple.
  6554 | D:7      | Reached XP level 10. HP: 84/84 MP: 10/10
  6620 | D:7      | Found a hide-covered altar of Uskayaw.
  6663 | D:7      | Found a blossoming altar of Fedhas.
  6678 | D:7      | Noticed an oklob plant
  7017 | D:8      | Noticed sipior's ghost (novice TrNe)
  7042 | D:8      | Found a transporter.
  7046 | D:8      | Found a transporter.
  7061 | D:8      | Noticed Harold
  7074 | D:8      | Killed Harold
  7136 | D:8      | Reached **** piety under Okawaru
  7360 | D:8      | Found a sacrificial altar of Ru.
  8185 | D:8      | Killed sipior's ghost
  8185 | D:8      | Reached ***** piety under Okawaru
  8307 | D:9      | Reached XP level 11. HP: 97/97 MP: 11/11
  8356 | D:9      | Reached skill level 16 in Axes
  8391 | D:9      | Found a snail-covered altar of Cheibriados.
  8420 | D:9      | Reached skill level 10 in Fighting
  8564 | D:9      | Received a gift from Okawaru
  8650 | D:9      | Got an encrusted long sword
  8653 | D:9      | Identified the +5 long sword of Yxecups {freeze, Dex+7}
                  | (You found it on level 9 of the Dungeon)
  8684 | D:9      | Found a radiant altar of Vehumet.
  9109 | D:10     | Entered Level 10 of the Dungeon
  9111 | D:10     | Noticed a two-headed ogre
  9124 | D:10     | Killed a two-headed ogre
  9286 | D:10     | Got a slimy buckler
  9289 | D:10     | Identified the +2 buckler "Alahanyree" {rF- rN++ Dex+5}
                  | (You found it on level 10 of the Dungeon)
  9300 | D:10     | Noticed Erica
  9339 | D:10     | Killed Erica
  9339 | D:10     | Reached skill level 10 in Armour
  9436 | D:10     | Noticed a death knight
  9450 | D:10     | Killed a death knight
  9835 | D:11     | Found a staircase to the Orcish Mines.
  9855 | D:11     | Found a roughly hewn altar of Beogh.
  9873 | D:11     | Reached ****** piety under Okawaru
  9919 | D:11     | Noticed Maurice
  9932 | D:11     | Killed Maurice
  9996 | D:11     | Reached XP level 12. HP: 110/110 MP: 12/12
 10018 | D:11     | Noticed a two-headed ogre
 10026 | D:11     | Killed a two-headed ogre
 10035 | D:11     | Found a white marble altar of Elyvilon.
 10035 | D:11     | Noticed Josephine
 10045 | D:11     | Received a gift from Okawaru
 10048 | D:11     | Killed Josephine
 10193 | D:11     | Got a scorched dagger {god gift}
 10195 | D:11     | Identified the +7 dagger "Ewucvam" {protect, rElec Stlth+}
                  | (Okawaru gifted it to you on level 11 of the Dungeon)
 10380 | D:11     | Found a runed translucent gate.
 10380 | D:11     | Found a runed translucent gate.
 10381 | D:11     | Found a runed translucent gate.
 10591 | D:11     | Found Xusehex's General Store.
 10606 | D:11     | Found a staircase to the Lair.
 10655 | D:11     | You fall into a shaft and drop 2 floors!
 10722 | D:13     | Noticed Sonja
 10751 | D:13     | Found a frozen archway.
 10768 | D:13     | Reached skill level 17 in Axes
 10798 | IceCv    | Entered an ice cave
 10920 | IceCv    | Mangled by an ice devil

Levels and vault maps discovered:
D:1:      eino_arrival_water_star, layout_basic, serial_forest,
          infiniplex_forest_end_2, infiniplex_forest_zigzag_2,
          infiniplex_forest_clump_diagonal, infiniplex_forest_lined_ring,
          infiniplex_forest_clump_diagonal, infiniplex_forest_end_1
D:2:      layout_loops_ring, grunt_temple_overflow_gold_and_silver, uniq_natasha
D:3:      layout_loops_ring, nicolae_overflow_crystal_walls,
          overflow_temple_1_default, okawaru_ov_weapons_minmay, serial_glass,
          glass_columns_a, glass_columns_a, feat_on_display,
          minmay_strange_pillars, uniq_robin
D:4:      layout_loops_ring, lemuel_crystal_altar, elyvilon_altar_5,
          first_ration, corexii_shack, uniq_purgy
D:5:      layout_gridville, uniq_prince_ribbit1
D:6:      layout_basic, uniq_pikel, uniq_duvessa
D:7:      layout_rooms, eat_drink_and_be_merry_uskayaw,
          minmay_temple_entry_poolview, basic_altar, the_bakery, tgw_fedhas
D:8:      layout_loops_corners, kennysheep_little_box, serial_bayou,
          serial_bayou_shore_a, serial_bayou_pond_c, serial_bayou_lagoon_a,
          serial_bayou_pond_e, gammafunk_ghost_hive, minmay_fire_ice_demons,
          uniq_harold
D:9:      layout_loops_ring, fiery_altar_vehumet, slow_altar_1
D:10:     layout_rooms, uniq_erica
D:11:     layout_loops_ring, grunt_lair_entry_orc_guard_hut,
          minmay_orc_entry_temple_small, serial_shops, nicolae_shop_trees,
          ploomutoo_gammafunk_ghost_potion_laboratory, kennysheep_diamond,
          uniq_maurice, uniq_josephine
D:13:     layout_basic, portal_ice_cave_entry_ice_beasts, uniq_jorgrun,
          uniq_sonja
IceCv:    ice_cave_tombish

Skill      XL: |  1  2  3  4  5  6  7  8  9 10 11 12 |
---------------+-------------------------------------+-----
Axes           | 3 4 5 6 8 9 11 14 15 16 17 | 17.1
Fighting       | 6 9 11 12 | 12.8
Armour         | 5 8 10 11 | 11.8
Shields        | |  3.2

Action                   |  1- 3 |  4- 6 |  7- 9 | 10-12 || total
-------------------------+-------+-------+-------+-------++-------
Melee: War axe           |    82 |   268 |   300 |    97 ||   747
       Unarmed           |       |     8 |       |       ||     8
       Battleaxe         |       |       |       |   431 ||   431
Throw: Dart              |       |     3 |       |       ||     3
       Javelin           |       |       |       |     1 ||     1
Evoke: Wand              |       |       |       |     6 ||     6
  Use: Scroll            |       |     2 |     2 |     7 ||    11
       Potion            |       |       |       |     1 ||     1
 Stab: Sleeping          |       |       |     2 |       ||     2
  Eat: Chunk             |       |    10 |     9 |    13 ||    32
       Ration            |       |       |       |     1 ||     1
Armor: Scale mail        |    38 |    54 |       |       ||    92
       Plate armour      |       |    72 |    99 |   300 ||   471
       Skin              |       |     3 |       |     2 ||     5
       Troll leather arm |       |       |    50 |       ||    50
Dodge: Dodged            |    25 |    37 |    58 |   154 ||   274
Block: Shield            |    44 |   125 |   104 |    17 ||   290
